 Dungeon Crawl Stone Soup version 0.28-a0-595-g9f6c0e134a (webtiles) character file.

Game seed: 5778212346512245354

14614 Zenkrye the Thaumaturge (level 12, -9/91 HPs)
             Began as a Djinni Cinder Acolyte on Oct 4, 2021.
             Was a High Priest of Ignis.
             Mangled by a blink frog (13 damage)
             ... on level 3 of the Lair of Beasts.
             The game lasted 00:35:05 (16093 turns).

Zenkrye the Thaumaturge (Djinni Cinder Acolyte)    Turns: 16093, Time: 00:35:06

Health: -9/91      AC: 12    Str: 13    XL:     12   Next: 47%
Gold:   715        EV: 14    Int: 27    God:    Ignis [*****.] SH:  0 Dex:  9

rFire   + + +      SeeInvis .   v - +3 hunting sling (flame) {@w2}
rCold   . . .      Faith    .   (no shield)
rNeg    . . .      Spirit   .   F - +0 acid dragon scales
rPois   ∞          Reflect  .   C - +2 hat
rElec   .          Harm     .   x - scarf {rC+ rF+}
rCorr   +          Rampage  .   (no gloves)
Will    +....                   (boots unavailable)
Stlth   +.........              (no amulet)
HPRegen 0.25/turn               p - +4 ring of protection
MPRegen 0.00/turn               t - +6 ring of intelligence

@: flying, studying Armour
A: sickness immunity, fire resistance 2, cold vulnerability 1, float, innate
caster, hp casting, extra vitality 1
a: Renounce Religion, Sea of Fire, Foxfire Swarm, Rising Flame


You were on level 3 of the Lair of Beasts.
You worshipped Ignis.
Ignis was extremely pleased with you.
You visited 3 branches of the dungeon, and saw 14 of its levels.

You collected 715 gold pieces.

Inventory:

Hand Weapons
 c - a +0 hunting sling {@w2}
 g - a +1 antimagic short sword
 v - a +3 hunting sling of flaming (weapon) {@w2}
Missiles
 b - 285 stones
 d - 54 poisoned darts
 l - 93 sling bullets (quivered ammo)
 A - a throwing net {!f}
Armour
 j - a scarf of repulsion
 x - a scarf of resistance (worn)
 C - a +2 hat (worn)
 F - +0 acid dragon scales (worn)
Magical Staves
 y - a staff of air
 z - a staff of death
Jewellery
 p - a +4 ring of protection (left hand)
 r - a ring of resist corrosion
 t - a +6 ring of intelligence (right hand)
 H - an amulet of reflection
Wands
 e - a wand of mindburst (23)
 h - a wand of polymorph (7)
 q - a wand of iceblast (24) {@v4}
 s - a wand of flame (17)
 B - a wand of charming (8)
Scrolls
 i - 3 scrolls of identify {@r1}
 u - 5 scrolls of teleportation {@r3}
 E - a scroll of fear
 G - a scroll of enchant armour
 I - a scroll of fog
Potions
 a - 2 potions of ambrosia
 f - 4 potions of haste {@q3}
 k - a potion of invisibility
 m - a potion of might {@q4}
 n - 3 potions of brilliance
 o - a potion of curing {@q1}
 w - 8 potions of attraction
 D - a potion of lignification {unknown}


   Skills:
 + Level 9.7 Fighting
 + Level 10.1 Dodging
 - Level 6.0 Unarmed Combat
 * Level 10.9 Spellcasting


You had 17 spell levels left.
You knew the following spells:

 Your Spells              Type           Power      Damage    Failure   Level
a - Scorch                Fire           100%       2d10      1%          2
b - Foxfire               Conj/Fire      100%       2x1d9     1%          1
c - Slow                  Hex            65%        N/A       1%          2
d - Swiftness             Air            65%        N/A       1%          3
g - Passage of Golubria   Tloc           N/A        N/A       1%          4
q - Stone Arrow           Conj/Erth      100%       3d13      1%          3
Your spell library was empty.

Dungeon Overview and Level Annotations

Branches:
Dungeon (10/15)            Temple (1/1) D:4            Lair (3/6) D:9
  Snake (0/4) Lair:2          Orc (0/2) D:9
  Swamp: Lair:2-4    Shoals: Lair:2-4

Altars:
Fedhas
Gozag
Makhleb
Okawaru
Trog
Yredelemnul
Zin
Beogh

Shops:
D:2 !   D:6 (


Innate Abilities, Weirdness & Mutations

You are immune to sickness and miasma.
You are immune to poison.
Your flesh is very heat resistant. (rF++)
You are vulnerable to cold. (rC-)
You float through the air rather than walking.
You learn spells naturally, not from books.
Your magical power is your life essence.
You have superior vitality. (+4 HP)


Message History

Confirm with . or Enter, or press ? or * to list all spells.
Aiming: Stone Arrow (safe; 1% risk of failure)
Press: ? - help, Shift-Dir - straight line, f/p - blink frog
Aim: a blink frog (61% to hit)
The stone arrow hits the blink frog!
The blink frog is heavily wounded.
* * * LOW HITPOINT WARNING * * *
The blink frog blinks!
The blink frog hits you!
* * * LOW HITPOINT WARNING * * *
You feel better. The blink frog closely misses you.
The blink frog blinks!
Unknown command.
The blink frog blinks!
Things that are here:
a black bear corpse; a yak corpse The blink frog blinks!
The blink frog hits you but does no damage.
The blink frog blinks!
The blink frog completely misses you.
The blink frog blinks!
The blink frog closely misses you.
The blink frog blinks!
The blink frog blinks!
The blink frog hits you.
* * * LOW HITPOINT WARNING * * *
The blink frog barely misses you.
The blink frog hits you but does no damage.
The blink frog hits you!
* * * LOW HITPOINT WARNING * * *
The blink frog barely misses you.
As you read the scroll of fear, it crumbles to dust.
You assume a fearsome visage.
The blink frog resists with some effort.
The blink frog looks frightened! x2; The blink frog blinks! x2
The blink frog hits you.
* * * LOW HITPOINT WARNING * * *
The blink frog blinks! x3
The blink frog blinks!
The blink frog blinks! x2
The blink frog blinks!
The blink frog blinks!
There is a stone staircase leading up here.
The blink frog blinks!
The blink frog hits you!
You die...

## ## ####### ..#
..#########.P##P###.###
........................
#......#+.#P.PP#........
#..#.........P..@÷......
#..#.........P.#F..§....
#................F......
...#..............##..##
...................###.#
...#.............#.## #
#..#..............#.##^
+..#........##.......§.
..........>............


You could see 2 blink frogs.

Vanquished Creatures
  Harold (D:7)
  A black mamba (Lair:3)
  A torpor snail (Lair:2)
  5 cane toads
  Maggie (D:7)
  An unseen horror (D:6)
  5 komodo dragons
  4 dream sheep (Lair:2)
  Sigmund (D:6)
  A shadow (D:9)
  Grum (Lair:1)
  2 basilisks
  2 vampires
  A wyvern (Lair:2)
  17 yaks
  Edmund (D:5)
  Menkaure (D:5)
  2 nagas (Lair:2)
  An acid dragon (D:9)
  A water moccasin (Lair:2)
  5 orc warriors
  2 ice beasts
  A necrophage (D:4)
  3 black bears
  A sky beast (D:6)
  3 ogres (D:6)
  2 centaurs
  8 wolves (Lair:1)
  3 phantoms
  2 kobold brigands
  6 bullfrogs
  2 scorpions
  3 wyvern zombies
  2 wyvern skeletons (D:6)
  A water moccasin skeleton (D:5)
  5 killer bees (D:8)
  A howler monkey (D:6)
  2 centaur zombies (D:6)
  A hound (D:4)
  A bullfrog zombie (D:5)
  A centaur skeleton (D:7)
  A gnoll shaman (D:8)
  A bullfrog skeleton (D:6)
  8 orc priests
  4 iguanas
  11 orc wizards
  A killer bee zombie (D:7)
  A hound zombie (D:4)
  A hound skeleton (D:4)
  3 gnolls (D:8)
  A howler monkey skeleton (D:7)
  9 adders
  An adder skeleton (D:4)
  3 worms
  6 dart slugs
  31 orcs
  7 bats
  8 endoplasms
  7 goblins
  16 hobgoblins
  5 jackals
  23 kobolds
  2 quokkas (D:2)
  10 ball pythons
  8 frilled lizards
  6 rats
279 creatures vanquished.

Vanquished Creatures (collateral kills)
  2 foxfires
2 creatures vanquished.

Vanquished Creatures (others)
  208 foxfires
  4 fungi
  9 plants
221 creatures vanquished.

Grand Total: 502 creatures vanquished

Notes
Turn   | Place    | Note
-------+----------+-------------------------------------------
     0 | D:1      | Zenkrye the Djinni Cinder Acolyte began the quest for the
                  | Orb.
     0 | D:1      | Reached XP level 1. HP: 20/20 MP: 0/0
   351 | D:1      | Reached XP level 2. HP: 25/25 MP: 0/0
   734 | D:1      | Reached XP level 3. HP: 24/30 MP: 0/0
   734 | D:1      | Learned a level 1 spell: Foxfire
  1014 | D:1      | Found a faded altar of an unknown god.
  1661 | D:2      | Reached XP level 4. HP: 34/35 MP: 0/0
  1770 | D:2      | Found Joteischa's Distillery.
  2708 | D:3      | Reached XP level 5. HP: 33/40 MP: 0/0
  2708 | D:3      | Learned a level 2 spell: Slow
  2894 | D:3      | Noticed a phantom
  2913 | D:3      | Killed a phantom
  2914 | D:3      | Reached XP level 6. HP: 18/46 MP: 0/0
  3519 | D:3      | Reached skill level 5 in Unarmed Combat
  3748 | D:4      | Noticed a necrophage
  3807 | D:4      | Reached skill level 1 in Dodging
  4152 | D:3      | Reached XP level 7. HP: 41/50 MP: 0/0
  4152 | D:3      | Learned a level 3 spell: Swiftness
  4470 | D:4      | Found a staircase to the Ecumenical Temple.
  4481 | Temple   | Entered the Ecumenical Temple
  4980 | D:5      | Entered Level 5 of the Dungeon
  5081 | D:5      | Reached XP level 8. HP: 50/58 MP: 0/0
  5082 | D:5      | Noticed Edmund
  5107 | D:5      | Killed Edmund
  5108 | D:5      | Reached skill level 5 in Spellcasting
  5328 | D:5      | Noticed Menkaure
  5333 | D:5      | Killed Menkaure
  6322 | D:6      | Reached skill level 5 in Fighting
  6322 | D:6      | Reached XP level 9. HP: 58/65 MP: 0/0
  6322 | D:6      | Learned a level 3 spell: Stone Arrow
  6915 | D:6      | Reached skill level 5 in Dodging
  7106 | D:6      | Found Erut's Antique Weapon Emporium.
  7164 | D:6      | Noticed Sigmund
  7170 | D:6      | Killed Sigmund
  7554 | D:6      | Killed an unseen horror
  7555 | D:6      | Reached XP level 10. HP: 14/73 MP: 0/0
  8552 | D:7      | Noticed Maggie
  8622 | D:7      | Killed Maggie
  8799 | D:7      | Noticed Harold
  8816 | D:7      | Killed Harold
  9077 | D:7      | Identified the +6 trident "Earthworm" {spect, *Corrode rF+
                  | Str+2 Dex+7}
 10785 | D:9      | Reached XP level 11. HP: 74/80 MP: 0/0
 10785 | D:9      | Learned a level 4 spell: Passage of Golubria
 11108 | D:9      | Found a staircase to the Orcish Mines.
 12123 | D:9      | Found a bloodstained altar of Trog.
 12153 | D:9      | Found a staircase to the Lair.
 12438 | D:10     | Entered Level 10 of the Dungeon
 12586 | D:10     | Noticed a seven-headed hydra
 12586 | D:10     | Noticed a deep elf pyromancer
 12654 | Lair:1   | Entered Level 1 of the Lair of Beasts
 13023 | Lair:1   | Noticed Grum
 13039 | Lair:1   | Killed Grum
 14349 | Lair:2   | Reached skill level 10 in Spellcasting
 14478 | Lair:2   | Found a staircase to the Snake Pit.
 14554 | Lair:2   | Found a blossoming altar of Fedhas.
 14583 | Lair:2   | Reached XP level 12. HP: 77/89 MP: 0/0
 16062 | Lair:3   | Reached skill level 10 in Dodging
 16086 | Lair:3   | HP: 3/91 [blink frog (8)]
 16093 | Lair:3   | Mangled by a blink frog

Illustrated notes

Levels and vault maps discovered:
D:1:      heliophobic_arrival_ceremonial_halls, layout_loops_cross,
          shapermc_ecumenical_altar_mp_urbaneastern
D:2:      layout_basic, serial_shops, nicolae_shop_trees, minmay_heptomino_o4
D:3:      layout_basic, nrook_mini_backslash, kennysheep_generic_room_15
D:4:      layout_rooms, minmay_temple_entry_wispy, grunt_ministairs_12,
          minmay_manual_mail
D:5:      layout_basic, kennysheep_boxes, uniq_menkaure, uniq_edmund
D:6:      minmay_chambers_of_fours, layout_basic, serial_shops,
          nicolae_shop_statue_plus, uniq_sigmund
D:7:      minmay_clustersquares, layout_basic, moated_statue, minivault_11,
          uniq_harold, uniq_maggie
D:8:      layout_loops_corners
D:9:      layout_stronghold, pf_just_have_faith, david_lair_shrubbed,
          minmay_orc_entry_temple_small, serial_park_tiny_2
D:10:     minmay_shrinking_squares, layout_irregular_city, serial_shops,
          nicolae_lakefront_shop, uniq_maurice
Temple:   compressed_dpeg_circular_temple
Lair:1:   layout_chaotic_city, grunt_megastairs_2, uniq_grum
Lair:2:   layout_cave_pods, minmay_snake_entry_guardpost_small, basic_altar,
          fungi_pond_lemuel
Lair:3:   minmay_guarded_unrand_snakebite, layout_chaotic_city,
          portal_ice_cave_entry_ice_simulacra, grunt_megastairs_4

Skill      XL: |  1  2  3  4  5  6  7  8  9 10 11 12 |
---------------+-------------------------------------+-----
Spellcasting   | 3 4 5 7 8 10 | 10.9
Unarmed Combat | 4 5 6 |  6.0
Dodging        | 1 2 4 6 7 9 10 | 10.1
Fighting       | 4 5 6 7 9 |  9.7

Action                   |  1- 3 |  4- 6 |  7- 9 | 10-12 || total
-------------------------+-------+-------+-------+-------++-------
Melee: Unarmed           |    39 |       |       |       ||    39
 Fire: Hunting sling     |    32 |    24 |    28 |    45 ||   129
 Cast: Scorch            |    13 |    63 |   105 |   139 ||   320
       Foxfire           |     8 |    20 |    41 |    65 ||   134
       Slow              |       |     4 |     9 |     7 ||    20
       Swiftness         |       |       |     1 |     1 ||     2
       Stone Arrow       |       |       |       |   120 ||   120
       Passage of Golubr |       |       |       |     2 ||     2
  Use: Scroll            |       |     4 |    11 |     7 ||    22
       Potion            |       |       |       |     1 ||     1
Armor: Robe              |     7 |       |       |       ||     7
       Ring mail         |       |    20 |    27 |     8 ||    55
       Steam dragon scal |       |       |       |     9 ||     9
       Acid dragon scale |       |       |       |    24 ||    24
Dodge: Dodged            |    20 |    26 |    32 |    93 ||   171
       Repelled          |       |       |     2 |       ||     2

Table legend: (Time is in decaauts)
 A = Elapsed time spent in this place.
 B = Non-inter-level travel time spent in this place.
 C = Inter-level travel time spent in this place.
 D = Time resting spent in this place.
 E = Time spent auto-exploring this place.
 F = Levels seen in this place.
 G = Mean time per level.
                   A        B        C        D        E       F      G
               +--------+--------+--------+--------+--------+-----+--------+
         Total |  16109 |  15680 |    429 |   1535 |  12322 |  14 | 1150.6 |
       Dungeon |  12643 |  12300 |    343 |   1177 |   9612 |  10 | 1264.3 |
        Temple |     19 |     10 |      9 |      0 |      1 |   1 |   19.0 |
          Lair |   3445 |   3368 |     77 |    358 |   2709 |   3 | 1148.3 |
               +--------+--------+--------+--------+--------+-----+--------+

Top non-repeatable levels by time:
     D:6: 1947 daAuts
     D:9: 1777 daAuts
     D:3: 1656 daAuts
  Lair:2: 1610 daAuts
  Lair:1: 1605 daAuts
     D:7: 1416 daAuts
     D:8: 1413 daAuts
     D:2: 1385 daAuts
     D:1: 1123 daAuts
     D:5: 960 daAuts
     D:4: 810 daAuts
  Lair:3: 230 daAuts
    D:10: 153 daAuts
  Temple: 19 daAuts
